 Dungeon Crawl Stone Soup version 0.30-a0-292-g0f741e3f8e (webtiles) character file.

Game seed: 14043824819516243572

147 ryw the Trooper (level 5, -2/46 HPs)
             Began as a Demonspawn Monk on Oct 17, 2022.
             Slain by Ijyb
             ... wielding a +1 dagger of freezing
              (3 damage)
             ... on level 3 of the Dungeon.
             The game lasted 00:04:25 (2572 turns).

ryw the Trooper (Demonspawn Monk)                   Turns: 2572, Time: 00:04:25

Health: -2/46      AC:  6    Str: 12    XL:     5   Next: 8%
Magic:  5/5        EV: 10    Int: 11    God:
Gold:   150        SH:  0    Dex: 17    Spells: 4/4 levels left

rFire   . . .      SeeInvis .    m - +2 whip (drain)
rCold   . . .      Faith    .    h - +0 buckler
rNeg    . . .      Spirit   .    f - +0 ring mail
rPois   .          Reflect  .    (no helmet)
rElec   .          Harm     .    (no cloak)
rCorr   .          Rampage  .    x - +0 pair of gloves
Will    .....                    (no boots)
Stlth   ..........               (no amulet)
HPRegen 0.27/turn                (no ring)
MPRegen 0.09/turn                (no ring)

@: confused, ambrosia-drunk
A: ignite blood 1, weakness stinger 1
a: no special abilities


You were on level 3 of the Dungeon.
You visited 1 branch of the dungeon, and saw 3 of its levels.

You collected 150 gold pieces.

Inventory:

Hand Weapons
 m - a +2 whip of draining (weapon)
Missiles
 n - 3 poisoned darts (quivered)
Armour
 f - a +0 ring mail (worn)
 h - a +0 buckler (worn)
 x - a +0 pair of gloves (worn)
Wands
 l - a wand of light (9)
Scrolls
 a - 3 scrolls of identify {unknown}
 e - a scroll of torment {unknown}
 j - a scroll of blinking {unknown}
 k - a scroll of enchant weapon {unknown}
 q - a scroll of vulnerability {unknown}
 r - a scroll of immolation {unknown}
 s - a scroll of poison {unknown}
 u - a scroll of enchant armour {unknown}
 w - a scroll of teleportation {unknown}
Potions
 c - a potion of curing {unknown}
 d - 3 potions of mutation {unknown}
 g - 2 potions of brilliance {unknown}
 i - a potion of flight {unknown}
 o - a potion of haste {unknown}
 p - 2 potions of magic {unknown}
 t - a potion of attraction {unknown}
 v - 2 potions of resistance {unknown}


   Skills:
 + Level 5.8 Fighting
 - Level 2.6 Dodging
 - Level 1.7 Stealth
 - Level 2.6 Unarmed Combat


You had 4 spell levels left.
You didn't know any spells.
Your spell library contained the following spells:

 Spells                   Type           Power      Damage    Failure   Level
 Apportation              Tloc           0%         N/A       75%         1
 Necrotise                Necr           0%         1d4       75%         1
 Summon Small Mammal      Summ           0%         N/A       75%         1
 Ensorcelled Hibernation  Hex/Ice        0%         N/A       86%         2
 Passwall                 Tmut/Erth      0%         N/A       86%         2
 Ozocubu's Armour         Ice            0%         N/A       98%         3
 Swiftness                Air            0%         N/A       98%         3
 Metabolic Englaciation   Hex/Ice        0%         N/A       100%        5
 Simulacrum               Ice/Necr       0%         N/A       100%        6


Dungeon Overview and Level Annotations

Branches:
Dungeon (3/15)

Altars:

Shops:
D:1 (

Annotations:
D:3 Ijyb


Innate Abilities, Weirdness & Mutations

Your demonic aura sometimes causes spilled blood to erupt in flames.
You have a small tail.


Message History

The quokka is almost dead.
The quokka bites you but does no damage. x2
You hit the quokka.
You kill the quokka!
Found a flail.
You see here a +0 flail.
A ball python comes into view.
The ball python hisses angrily.
The ball python barely misses you. The ball python grabs you.
The ball python constricts you.
The ball python bites you but does no damage.
The ball python constricts you.
You hit the ball python. You tail-slap the ball python.
You kill the ball python!
No target in view!
No target in view!
Ijyb the Twisted Goblin comes into view.
She is wielding a +1 dagger of freezing and carrying a wand of light (9).
Ijyb shouts!
You hear a shout!
An orc comes into view. It is wielding a +0 mace.
Found a ring mail.
You closely miss Ijyb.
Ijyb hits you with a +1 dagger of freezing.
Ijyb freezes you.
You hit Ijyb but do no damage.
Ijyb zaps a wand.
The bolt of light hits you! Ijyb attacks as you move away!
You block Ijyb's attack. The orc attacks as you move away!
You block the orc's attack.
Ijyb screams, "Me very upset!"
Ijyb zaps a wand.
The bolt of light hits you!
* * * LOW HITPOINT WARNING * * *
You barely miss the orc. You block the orc's attack.
You hit the orc. You drain the orc.
You kill the orc!
Ijyb zaps a wand.
The bolt of light hits you!
* * * LOW HITPOINT WARNING * * *
You are confused.
You feel invigorated.
You hit Ijyb but do no damage.
Ijyb zaps a wand.
The bolt of light hits you!
* * * LOW HITPOINT WARNING * * *
Ijyb hits you with a +1 dagger of freezing.
You die...

.#.#######.##..##...........#####
.#.#......[....###########.####
.#.#.#####.##.##.. .# #...<#
.#.#.# #.#....# .# .# ##.###
##.#.# #...#### .###.## #..#
##.#.# #...#####.#....# #.##
...#.###.........#..#.###..
.....#....##....##..#......
.##.............@g..##..##+
.##...)#####....##...#..#
..#.....).......##...##.#
####.######.....##....###..
..........#.....##......###
##.....##.#.....##....#....
##.....##.#.....##..... .[.
##.....##.#.....##....#. ..
##.....##.#.....##....### #


You could see Ijyb.

Vanquished Creatures
  Terence (D:3)
  An orc wizard (D:3)
  3 adders
  4 worms
  A dart slug (D:2)
  3 orcs (D:3)
  4 endoplasms
  2 giant cockroaches (D:2)
  5 goblins
  2 hobgoblins
  2 jackals (D:2)
  7 kobolds
  3 quokkas
  3 ball pythons
  4 bats
  11 rats
56 creatures vanquished.

Vanquished Creatures (others)
  6 fungi (D:2)
  3 plants (D:2)
9 creatures vanquished.

Grand Total: 65 creatures vanquished

Notes
Turn   | Place    | Note
-------+----------+-------------------------------------------
     0 | D:1      | ryw the Demonspawn Monk began the quest for the Orb.
     0 | D:1      | Reached XP level 1. HP: 18/18 MP: 1/1
    47 | D:1      | Found Janah Uvvoff's Weapon Emporium.
   357 | D:1      | Gained mutation: You have a small tail. [demonic ancestry]
   357 | D:1      | Reached XP level 2. HP: 22/24 MP: 2/2
   873 | D:2      | Found a faded altar of an unknown god.
   908 | D:2      | Reached skill level 4 in Fighting
   958 | D:2      | Gained mutation: Your demonic aura sometimes causes spilled
                  | blood to erupt in flames. [demonic ancestry]
   958 | D:2      | Reached XP level 3. HP: 26/30 MP: 3/3
  2023 | D:3      | Reached XP level 4. HP: 29/38 MP: 4/4
  2029 | D:3      | Reached skill level 5 in Fighting
  2264 | D:3      | Noticed Terence
  2273 | D:3      | Killed Terence
  2274 | D:3      | Reached XP level 5. HP: 38/46 MP: 5/5
  2561 | D:3      | Noticed Ijyb
  2572 | D:3      | HP: 1/46 [Ijyb/bolt of light (15)]
  2572 | D:3      | Slain by Ijyb

Illustrated notes

Levels and vault maps discovered:
D:1:      lightli_arrival_chessboard, layout_loops_ring, serial_shops,
          nicolae_shop_bloodbath_and_beyond
D:2:      layout_loops_corners, shapermc_ecumenical_altar_mp_urbaneastern
D:3:      layout_basic, nicolae_ashenzari_skybound, uniq_ijyb, uniq_terence

Skill      XL: |  1  2  3  4 |
---------------+-------------+-----
Fighting       | 4 5 |  5.8
Dodging        | |  2.6
Stealth        | |  1.7
Unarmed Combat | |  2.6

Action                   |  1- 3 |  4- 6 || total
-------------------------+-------+-------++-------
Melee: Unarmed           |    89 |       ||    89
       Tailslap          |    10 |     7 ||    17
       Whip              |    53 |    46 ||    99
Throw: Dart              |       |     4 ||     4
  Use: Potion            |       |     1 ||     1
 Stab: Sleeping          |     3 |     1 ||     4
       Distracted        |       |     1 ||     1
Armor: Robe              |     1 |       ||     1
       Ring mail         |    34 |    17 ||    51
Dodge: Dodged            |    64 |    16 ||    80
Block: Buckler           |    11 |    15 ||    26

Table legend: (Time is in decaauts)
 A = Elapsed time spent in this place.
 B = Non-inter-level travel time spent in this place.
 C = Inter-level travel time spent in this place.
 D = Time resting spent in this place.
 E = Time spent auto-exploring this place.
 F = Levels seen in this place.
 G = Mean time per level.
                   A        B        C        D        E       F      G
               +--------+--------+--------+--------+--------+-----+--------+
         Total |   2583 |   2526 |     57 |    161 |   1847 |   3 |  861.0 |
       Dungeon |   2583 |   2526 |     57 |    161 |   1847 |   3 |  861.0 |
               +--------+--------+--------+--------+--------+-----+--------+

Top non-repeatable levels by time:
     D:2: 1075 daAuts
     D:1: 831 daAuts
     D:3: 675 daAuts
